 Dungeon Crawl Stone Soup version 0.29-a0-380-gf50f0a9fbc (webtiles) character file.

Game seed: 15762159864794003524

36 freelancePsychic the Gusty (level 3, -1/19 HPs)
             Began as a Tengu Air Elementalist on May 6, 2022.
             Slain by a gnoll
             ... wielding a +0 whip
              (3 damage)
             ... on level 2 of the Dungeon.
             The game lasted 00:02:33 (1362 turns).

freelancePsychic the Gusty (Tengu Air Elementalist) Turns: 1362, Time: 00:02:33

Health: -1/19      AC:  2    Str:  8    XL:     3   Next: 37%
Magic:  3/7        EV: 12    Int: 17    God:
Gold:   62         SH:  0    Dex: 14    Spells: 3/6 levels left

rFire   . . .      SeeInvis .   f - +0 dagger (speed)
rCold   . . .      Faith    .   (no shield)
rNeg    . . .      Spirit   .   a - +0 robe
rPois   .          Reflect  .   (helmet restricted)
rElec   .          Harm     .   (no cloak)
rCorr   .          Rampage  .   (no gloves)
Will    .....                   (boots unavailable)
Stlth   ++........              (no amulet)
HPRegen 0.06/turn               i - ring of wizardry
MPRegen 0.10/turn               (no ring)

@: very slightly contaminated
A: beak, talons 3
a: no special abilities


You were on level 2 of the Dungeon.
You visited 1 branch of the dungeon, and saw 2 of its levels.

You collected 62 gold pieces.

Inventory:

Hand Weapons
 f - a +0 dagger of speed (weapon)
Armour
 a - a +0 robe (worn)
Jewellery
 i - a ring of wizardry (left hand)
Scrolls
 c - 2 scrolls of enchant weapon {unknown}
 e - a scroll of magic mapping {unknown}
 j - 3 scrolls of noise {unknown}
 m - a scroll of silence {unknown}
 n - a scroll of fear {unknown}
Potions
 b - 2 potions of magic
 d - a potion of ambrosia {unknown}
 g - a potion of cancellation {unknown}
 h - 2 potions of attraction {unknown}
 k - 2 potions of might {unknown}
 l - a potion of haste {unknown}
 o - a potion of curing {unknown}


   Skills:
 + Level 0.0 Fighting
 - Level 2.1 Dodging
 + Level 2.5 Stealth
 + Level 2.3 Spellcasting
 - Level 2.1 Conjurations
 * Level 4.8 Air Magic


You had 3 spell levels left.
You knew the following spells:

 Your Spells              Type           Power      Damage    Failure   Level
a - Shock                 Conj/Air       52%        1d6       1%          1
b - Static Discharge      Conj/Air       13%        N/A       2%          2

Your spell library contained the following spells:

 Spells                   Type           Power      Damage    Failure   Level
 Swiftness                Air            18%        N/A       3%          3
 Airstrike                Air            9%         N/A       11%         4


Dungeon Overview and Level Annotations

Branches:
Dungeon (2/15)

Altars:

Annotations:
D:2 exclusion: 2 gnolls


Innate Abilities, Weirdness & Mutations

You have a beak for a mouth.
You have claws for feet.


Message History

A bat is nearby!
A bat is nearby!
The zap misses the bat.
The zap hits the bat.
You kill the bat!
You can't see any susceptible monsters within range! (Use Z to cast anyway.) 2 gnolls come into view.
You see here 11 gold pieces.
There are monsters nearby!
Casting: Shock (safe; 1% risk of failure)
Confirm with . or Enter, or press ? or * to list all spells.
Okay, then.
Okay, then.
A gnoll comes into view. It is wielding a +0 whip.
The gnoll shouts!
A gnoll comes into view. It is wielding a +0 club.
The zap hits the gnoll.
The gnoll is lightly wounded.
The zap hits the gnoll.
The gnoll is heavily wounded.
The zap hits the gnoll.
The gnoll is moderately wounded.
The zap hits the gnoll.
The gnoll is almost dead.
The zap hits the gnoll.
The gnoll is heavily wounded.
The gnoll hits you with a +0 whip. The gnoll attacks as you move away!
The gnoll hits you with a +0 whip!
* * * LOW HITPOINT WARNING * * *
The gnoll attacks as you move away! The gnoll hits you with a +0 whip.
* * * LOW HITPOINT WARNING * * *
Okay, then.
Casting: Shock (safe; 1% risk of failure)
Confirm with . or Enter, or press ? or * to list all spells.
Aiming: Shock (safe; 1% risk of failure)
Press: ? - help, Shift-Dir - straight line, f/p - gnoll
Aim: a gnoll, wielding a +0 whip (almost dead, 72% to hit)
You miscast Shock.
You are very lightly contaminated with residual magic.
Nothing appears to happen.
The gnoll hits you with a +0 whip.
You die...

#.##.##.#####.##
#......#.......#
#..##.######.# #g #####..##.#
#.# ....###......##)# #.#
#g#.....# #..##.######.###
#$# #..............#
#.########.###..##.######.#.#
#.........g.g@.....# #.#.##
##.##.#.####.#†###.# #....#
#...###.....#.# #.# ##.....
####.#.####.#.# .#.####......
##.## #.#.. # #.......... #.#
###.### #.#####..... #.#
#...# #.#... #.# #.#.# ##...#
#.# #.#.# ###.#


You could see 2 gnolls.

Vanquished Creatures
  A dart slug (D:1)
  An endoplasm (D:1)
  2 giant cockroaches
  2 goblins (D:1)
  7 hobgoblins
  A quokka (D:1)
  5 ball pythons (D:1)
  6 bats
  A frilled lizard (D:1)
  2 kobolds
  2 rats
30 creatures vanquished.

Notes
Turn   | Place    | Note
-------+----------+-------------------------------------------
     0 | D:1      | freelancePsychic the Tengu Air Elementalist began the quest
                  | for the Orb.
     0 | D:1      | Reached XP level 1. HP: 10/10 MP: 4/4
   196 | D:1      | Reached XP level 2. HP: 15/15 MP: 3/6
   614 | D:1      | Reached XP level 3. HP: 19/19 MP: 0/7
   767 | D:1      | Learned a level 2 spell: Static Discharge
  1362 | D:2      | Slain by a gnoll

Illustrated notes

Levels and vault maps discovered:
D:1:      ncdulo_wetmaze, layout_rooms
D:2:      layout_loops_ring, serial_glass, glass_columns_a, glass_columns_a,
          ebering_dispersal_statue_hall

Skill      XL: |  1  2 |
---------------+-------+-----
Conjurations   | 2 |  2.1
Dodging        | |  2.1
Stealth        | |  2.5
Spellcasting   | |  2.3
Air Magic      | |  4.8

Action                   || total
-------------------------++-------
Melee: Dagger            ||     1
       Peck              ||     1
 Cast: Shock             ||    61
Dodge: Dodged            ||     1

Table legend: (Time is in decaauts)
 A = Elapsed time spent in this place.
 B = Non-inter-level travel time spent in this place.
 C = Inter-level travel time spent in this place.
 D = Time resting spent in this place.
 E = Time spent auto-exploring this place.
 F = Levels seen in this place.
 G = Mean time per level.
                   A        B        C        D        E       F      G
               +--------+--------+--------+--------+--------+-----+--------+
         Total |   1368 |   1365 |      3 |      0 |   1219 |   2 |  684.0 |
       Dungeon |   1368 |   1365 |      3 |      0 |   1219 |   2 |  684.0 |
               +--------+--------+--------+--------+--------+-----+--------+

Top non-repeatable levels by time:
     D:1: 948 daAuts
     D:2: 419 daAuts
